 Dungeon Crawl Stone Soup version 0.23.2-33-g5129a83184 (webtiles) character file.

Game seed: 6138281599422873383

248 opellulo the Sneak (level 5, 0/35 HPs)
             Began as a Vampire Enchanter on July 2, 2019.
             Killed from afar by an orc wizard (5 damage)
             ... with a magic dart
             ... on level 3 of the Dungeon.
             The game lasted 00:23:42 (4027 turns).

opellulo the Sneak (Vampire Enchanter)              Turns: 4027, Time: 00:23:43

Health: 0/35       AC:  6    Str:  7    XL:     5   Next: 86%
Magic:  0/9        EV: 13    Int: 17    God:
Gold:   114        SH:  0    Dex: 16    Spells: 4/10 levels left

rFire    + . .     SeeInvis +   a - +1 dagger
rCold    + . .     Gourm    .   (no shield)
rNeg     + + .     Faith    .   h - +2 leather armour {rF+}
rPois    +         Spirit   .   g - +0 helmet
rElec    .         Reflect  +   (no cloak)
rCorr    .         Harm     .   (no gloves)
MR       .....                  (no boots)
Stlth    ++........             m - +2 amulet of reflection
HPRegen  0.05/turn              (no ring)
MPRegen  0.11/turn              (no ring)

@: confused, very slightly contaminated, regenerating slowly
A: fangs 3, see invisible, unbreathing
a: Bat Form


You were on level 3 of the Dungeon.
You were thirsty.

You visited 1 branch of the dungeon, and saw 3 of its levels.

You collected 114 gold pieces.

Inventory:

Hand Weapons
 a - a +1 dagger (weapon)
Armour
 b - a +0 robe
 g - a +0 helmet (worn)
 h - a +2 leather armour of fire resistance (worn)
Jewellery
 m - a +2 amulet of reflection (around neck)
Wands
 k - a wand of enslavement (8)
Scrolls
 d - a scroll of remove curse {unknown}
 i - a scroll of teleportation
 j - a scroll of enchant weapon {unknown}
 l - a scroll of identify {unknown}
Potions
 c - a potion of mutation {unknown}
 e - a potion of brilliance {unknown}
 f - a potion of cancellation {unknown}


   Skills:
 + Level 2.3 Short Blades
 + Level 0.3 Armour
 + Level 3.0 Dodging
 + Level 6.9 Stealth
 * Level 3.2 Spellcasting
 - Level 0.1 Conjurations
 + Level 5.6 Hexes


You had 4 spell levels left.
You knew the following spells:

 Your Spells              Type           Power        Failure   Level  Hunger
a - Corona                Hex            ###....      2%          1    None
b - Ensorcelled Hibernat  Hex/Ice        ##....       12%         2    ##.....
c - Dazzling Spray        Conj/Hex       ##....       22%         3    ###....

Your spell library contained the following spells:

 Spells                   Type           Power        Failure   Level  Hunger
 Confuse                  Hex            ###.....     8%          3    ###....
 Tukima's Dance           Hex            ###.....     8%          3    ###....


Dungeon Overview and Level Annotations

Branches:
Dungeon (3/15)

Altars:
Elyvilon
Kikubaaqudgha
Qazlal


Innate Abilities, Weirdness & Mutations

You heal slowly.
You have razor-sharp teeth.
You have supernaturally acute eyesight. (SInv)
You can survive without breathing.


Message History

You hit the orc wizard.
The orc wizard is heavily wounded.
The orc wizard closely misses you.
You miss the orc wizard.
The orc wizard is heavily wounded.
The orc wizard casts a spell at you. The magic dart hits you.
* * * LOW HITPOINT WARNING * * *
You bump into the rock wall.
The orc wizard casts a spell at you. The magic dart hits you.
* * * LOW HITPOINT WARNING * * *
You miss the orc wizard.
You bite the orc wizard, but do no damage.
The orc wizard is heavily wounded.
The orc wizard hits you but does no damage.
You're too confused to move!
The orc wizard casts a spell at you. The magic dart hits you.
You die...

#........## .......)..#
#..........# #..........#
#......o...# #...
#.........?# #...#
#........## #...#
##.........#######.##
##...##
#....[....ooo@.......
.....#
#.........o######..##
#.... #..........# #...#
#..........# ## #....
#..........# ..# ##...#
##........## #.# #.....
##......## #. #.# #.##..
#####.## ##.. #.. #.#
#.##..
###.###...###..##.###.....


You could see an orc wizard and 3 orcs.

Vanquished Creatures
  Jessica (D:3)
  Robin (D:2)
  11 adders
  An ooze (D:2)
  4 worms (D:3)
  3 dart slugs
  5 leopard geckos
  An orc (D:3)
  5 giant cockroaches
  16 goblins
  16 hobgoblins
  2 jackals (D:3)
  2 ball pythons (D:1)
  A ball python skeleton (D:2)
  9 bats
  A frilled lizard (D:2)
  2 kobolds
  7 rats
88 creatures vanquished.

Notes
Turn   | Place    | Note
-------+----------+-------------------------------------------
     0 | D:1      | opellulo the Vampire Enchanter began the quest for the Orb.
     0 | D:1      | Reached XP level 1. HP: 13/13 MP: 3/3
   345 | D:1      | Reached skill level 5 in Hexes
   345 | D:1      | Reached XP level 2. HP: 17/19 MP: 5/5
   355 | D:1      | Learned a level 2 spell: Ensorcelled Hibernation
   586 | D:1      | Reached XP level 3. HP: 20/24 MP: 1/6
   692 | D:1      | Reached skill level 5 in Stealth
  1135 | D:2      | Reached XP level 4. HP: 16/30 MP: 1/7
  1408 | D:2      | Noticed Robin
  1651 | D:2      | Learned a level 3 spell: Dazzling Spray
  1870 | D:2      | Reached skill level 6 in Stealth
  2009 | D:2      | Killed Robin
  2009 | D:2      | Reached XP level 5. HP: 15/35 MP: 6/9
  2565 | D:3      | Noticed Jessica
  2589 | D:3      | Killed Jessica
  2745 | D:3      | Found an ancient bone altar of Kikubaaqudgha.
  2753 | D:3      | Found a stormy altar of Qazlal.
  2757 | D:3      | Found a white marble altar of Elyvilon.
  4027 | D:3      | Killed from afar by an orc wizard

Skill      XL: |  1  2  3  4  5 |
---------------+----------------+-----
Hexes          | 5 |  5.6
Stealth        | 5 6 |  6.9
Spellcasting   | 3 |  3.2
Short Blades   | 2 |  2.3
Dodging        | 3 |  3.0
Armour         | |  0.3
Conjurations   | |  0.1

Action                   |  1- 3 |  4- 6 || total
-------------------------+-------+-------++-------
Melee: Dagger            |    79 |   203 ||   282
       Bite              |     6 |    19 ||    25
 Cast: Corona            |     4 |     1 ||     5
       Ensorcelled Hiber |    15 |    23 ||    38
       Dazzling Spray    |       |     3 ||     3
  Use: Scroll            |       |     1 ||     1
 Stab: Sleeping          |    20 |    24 ||    44
       Distracted        |       |     1 ||     1
  Eat: Corpse            |     1 |     9 ||    10
Armor: Robe              |     6 |     8 ||    14
       Leather armour    |       |    50 ||    50
Dodge: Dodged            |    47 |   139 ||   186
Block: Other             |       |     4 ||     4
